AoeStats
← Kaiser Ze

Arabia

509053895Analyzed
1v1 RM · 7d ago on Sep 25, 2026· 42m 49s· 2 players
Game mode
Random Map
Map size
Tiny (2 player)
Population
200
Speed
Normal
Resources
Standard
Victory
Conquest
Starting age
Dark Age
Ending age
Imperial Age
RankedLock teamsTeams togetherTeam positionsShared explorationLock speedFull tech treeHidden civsTurbo modeCheats
Victory
Defeat
🇹🇼 Japanese · Taiwan
1259
+17
🇨🇳 Danes · China
1274
-17
Stoner27
8:53 Loom
11:37 Feudal Age
11:50 Man-at-Arms
14:28 Double-Bit Axe
15:43 Fletching
16:04 Horse Collar
20:14 Padded Archer Armor
25:06 Castle Age
24:28 Gold Mining
25:12 Stone Mining
25:16 Crossbowman
25:53 Bodkin Arrow
27:19 Bow Saw
28:00 Heavy Plow
30:09 Town Watch
31:00 Wheelbarrow
30:59 Ballistics
32:15 Thumb Ring
33:19 Leather Archer Armor
33:05 Scale Mail Armor
36:39 Hand Cart
38:56 Imperial Age
38:31 Gold Shaft Mining
39:23 Arbalester
40:05 Bracer
40:36 Ring Archer Armor
40:44 Capped Ram
42:43 Chemistry
41:39 Murder Holes
41:47 Treadmill Crane
42:20 Fortified Wall
42:05 Murder Holes
43:14 Two-Man Saw
43:10 Conscription
42:11 Elite Samurai
Kaiser Ze
6:02 Loom
9:28 Feudal Age
9:47 Man-at-Arms
10:13 Arson
16:10 Fletching
22:00 Castle Age
21:07 Double-Bit Axe
22:07 Padded Archer Armor
22:05 Elite Skirmisher
23:52 Leather Archer Armor
26:46 Bow Saw
27:23 Bodkin Arrow
29:05 Ballistics
28:43 Gold Mining
39:21 Horse Collar
41:46 Squires
41:32 Gambesons
41:52 Scale Mail Armor
43:42 Wheelbarrow
Connection lost

Rejoining the realm…

Still unreachable

The connection could not be restored.

Session expired

The server has moved on; the page needs a fresh start.